 Dungeon Crawl Stone Soup version 0.19.5 (webtiles) character file.

105 vatarom the Gusty (level 4, -1/24 HPs)
             Began as a Tengu Air Elementalist on Mar 9, 2017.
             Slain by a gnoll
             ... wielding a +0 flail
              (3 damage)
             ... on level 2 of the Dungeon.
             The game lasted 00:03:59 (1885 turns).

vatarom the Gusty (Tengu Air Elementalist)          Turns: 1885, Time: 00:04:00

Health: -1/24      AC:  2    Str:  8    XL:     4   Next: 81%
Magic:  0/8        EV: 12    Int: 17    God:
Gold:   150        SH:  0    Dex: 14    Spells: 3 memorised, 2 levels left

rFire  . . .     SeeInvis .     e - +0 spear
rCold  . . .     Gourm    .     a - +0 robe
rNeg   . . .     Faith    .     (no shield)
rPois  .         Spirit   .     (helmet restricted)
rElec  .         Reflect  .     (no cloak)
rCorr  .         Harm     .     (no gloves)
MR     .....                    (boots unavailable)
Stlth  ++........               (no amulet)
                                (no ring)
                                (no ring)

@: no status effects
A: beak, talons 3
a: no special abilities


You were on level 2 of the Dungeon.
You were not hungry.

You visited 1 branch of the dungeon, and saw 2 of its levels.

You collected 150 gold pieces.

Inventory:

Hand Weapons
 e - a +0 spear (weapon)
Armour
 a - a +0 robe (worn)
Scrolls
 f - a scroll of teleportation
Potions
 g - a potion of heal wounds
Books
 b - a book of Air

   Spells                             Type                      Level
   a - Shock                          Conjuration/Air              1
   b - Swiftness                      Charms/Air                   2
   c - Repel Missiles                 Charms/Air                   2
   d - Static Discharge               Conjuration/Air              3
   e - Lightning Bolt                 Conjuration/Air              5
Comestibles
 c - 2 bread rations
 d - 4 chunks of flesh


   Skills:
 - Level 2.1 Dodging
 - Level 2.0 Stealth
 - Level 2.0 Spellcasting
 - Level 1.3 Conjurations
 + Level 7.1 Air Magic


You had 2 spell levels left.
You knew the following spells:

 Your Spells              Type           Power        Failure   Level  Hunger
a - Shock                 Conj/Air       ###.         3%          1    #......
b - Repel Missiles        Chrm/Air       ##....       10%         2    ###....
c - Swiftness             Chrm/Air       ##......     10%         2    ###....


Dungeon Overview and Level Annotations

Branches:
Dungeon (2/15)

Altars:


Innate Abilities, Weirdness & Mutations

You have a beak for a mouth.
You have claws for feet.


Message History

The gnoll is heavily wounded.
The gnoll closely misses you.
Casting: Shock
Confirm with . or Enter, or press ? or * to list all spells.
You don't have enough magic to cast that spell.
Unknown command.
You barely miss the gnoll. Your kick misses the gnoll.
You peck the gnoll, but do no damage.
The gnoll is heavily wounded.
The gnoll barely misses you.
You hit the gnoll but do no damage. Your kick misses the gnoll.
The gnoll is heavily wounded.
The gnoll hits you with a flail!
* * * LOW HITPOINT WARNING * * *
Casting: Shock
Confirm with . or Enter, or press ? or * to list all spells.
Aiming: Shock
Press: ? - help, Shift-Dir - straight line The zap misses the gnoll.
The gnoll hits you with a flail.
You die...

########...#
####.####
#...# #.#
#...# #.#
#...# #.# #
#####...##
#.#######
#........#
#........
#.####.#.#
#########
###.####.#.#
#####
....).)g@#.#
#..รท.
###)######
#.### ##.###
##...##
#.#.#.#
#.....#
#.#.###
#...##(
#.#.#s.


You could see a gnoll.

Vanquished Creatures
  2 adders (D:2)
  3 gnolls (D:2)
  A worm (D:2)
  2 dart slugs
  A leopard gecko (D:1)
  7 bats
  10 giant cockroaches
  6 hobgoblins
  3 jackals (D:1)
  A kobold (D:1)
  A ball python (D:2)
  4 frilled lizards
  5 goblins
  2 rats
48 creatures vanquished.

Notes
Turn   | Place    | Note
-------+----------+-------------------------------------------
     0 | D:1      | vatarom the Tengu Air Elementalist began the quest for the Orb.
     0 | D:1      | Reached XP level 1. HP: 10/10 MP: 4/4
   140 | D:1      | Reached XP level 2. HP: 15/15 MP: 1/6
   332 | D:1      | Reached skill level 5 in Air Magic
   531 | D:1      | Learned a level 2 spell: Repel Missiles
   534 | D:1      | Learned a level 2 spell: Swiftness
   860 | D:1      | Reached XP level 3. HP: 19/19 MP: 5/7
  1383 | D:2      | Reached skill level 6 in Air Magic
  1577 | D:2      | Reached XP level 4. HP: 24/24 MP: 0/8
  1880 | D:2      | Reached skill level 7 in Air Magic
  1885 | D:2      | Slain by a gnoll

Skill      XL: |  1  2  3  4 |
---------------+-------------+-----
Air Magic      | 5 6 7 |  7.1
Dodging        | |  2.1
Stealth        | |  2.0
Spellcasting   | |  2.0
Conjurations   | |  1.3

Action                   |  1- 3 |  4- 6 || total
-------------------------+-------+-------++-------
Melee: Unarmed           |     2 |       ||     2
       Spear             |    35 |    26 ||    61
       Kick              |     7 |     6 ||    13
       Peck              |     5 |     3 ||     8
 Cast: Shock             |    51 |    12 ||    63
       Repel Missiles    |     1 |       ||     1
       Swiftness         |     1 |       ||     1
  Use: Potion            |     3 |       ||     3
       Scroll            |     2 |       ||     2
 Stab: Sleeping          |     1 |     2 ||     3
  Eat: Chunk             |     3 |     1 ||     4
Armor: Robe              |    12 |     2 ||    14
Dodge: Dodged            |    29 |    14 ||    43
       Deflected         |     1 |       ||     1
